Map: Orbital Shipyard

Players

NitWay

  • Race: Terran Terran
  • League: Master

Miszu - Winner!

  • Race: Terran Terran
  • League: Master

VOD

Have the link to the VOD?

Description

Time

  • Played on: March 22, 2016, 4:20 p.m.
  • Length: 7:21
Show
View Real Time Build Order
Export as new Build Order

NitWay Terran 

Build Orders:  

Get SALT Encoding   

  12  0:01  SCV  
  13  0:13  SCV  
  14  0:17  Supply Depot  
  14  0:25  SCV  
  15  0:39  SCV  
  15  0:40  Barracks  
  16  0:44  Refinery  
  16  0:56  Barracks  
  16  1:01  SCV  
  17  1:19  Barracks  
  17  1:26  Refinery  
  17  1:27  Reaper  
  18  1:45  Reaper  
  19  1:50  Orbital Command  
  19  2:03  Reaper  
  19  2:07  Reaper  
  21  2:14  Supply Depot  
  21  2:15  SCV  
  21  2:20  Reaper  
  23  2:36  Reaper, SCV  
  25  2:48  Reaper  
  24  2:53  Reaper  
  24  2:54  SCV  
  24  2:56  Supply Depot  
  26  3:08  Reaper  
  26  3:19  SCV  
  26  3:20  Reaper  
  26  3:25  Reaper  
  27  3:35  Command Center  
  27  3:36  SCV  
  27  3:40  Reaper  
  27  3:53  Reaper  
  27  3:54  SCV  
  28  3:56  Factory  
  28  4:00  Reaper  
  29  4:07  Engineering Bay  
  29  4:09  SCV  
  31  4:24  SCV  
  30  4:34  Missile Turret  
  30  4:35  Missile Turret  
  30  4:39  Factory Tech Lab  
  25  4:57  Cyclone  
  25  4:58  Marine  
  25  4:59  Orbital Command  
  28  5:03  SCV  
  24  5:27  Marine x2  
  24  5:28  Marine  
  24  5:34  SCV x2  
  22  5:50  Marine x3  
  24  6:00  SCV x2  
  25  6:09  Refinery  
  25  6:12  SCV x2  
  26  6:24  SCV x2  
  27  6:26  Marine x3  
  30  6:38  SCV x2  
  29  6:43  Refinery  
  29  6:44  Marine  
  30  6:49  Marine x2  
  30  6:50  SCV x2  
  37  7:02  Marine  
Show
View Real Time Build Order
Export as new Build Order

Miszu Terran - Winner!

Build Orders: 1/1/1, Banshee Rush 

Get SALT Encoding   

  12  0:00  SCV  
  13  0:12  SCV  
  14  0:17  Supply Depot  
  14  0:24  SCV  
  15  0:36  Refinery  
  15  0:39  SCV  
  16  0:45  Barracks  
  16  0:51  SCV  
  16  0:54  Refinery  
  17  1:03  SCV  
  18  1:15  SCV  
  20  1:33  Factory  
  20  1:35  Orbital Command  
  20  1:38  Reaper  
  20  1:41  Supply Depot  
  20  2:00  SCV  
  21  2:10  Reaper  
  22  2:16  Starport  
  22  2:17  Hellion  
  22  2:19  SCV  
  22  2:22  Supply Depot  
  25  2:31  SCV  
  26  2:39  Hellion  
  26  2:42  Reaper  
  26  2:52  SCV  
  26  2:56  Starport Tech Lab  
  27  3:00  Hellion  
  27  3:04  SCV  
  27  3:16  Cloaking Field, SCV, Banshee  
  29  3:25  Hellion  
  31  3:28  SCV  
  31  3:33  Reaper  
  33  3:40  SCV  
  32  3:52  Hellion  
  32  3:53  SCV  
  35  4:01  Banshee  
  38  4:05  SCV  
  38  4:09  Barracks Reactor  
  39  4:19  Supply Depot  
  39  4:22  Supply Depot  
  39  4:41  SCV  
  42  4:55  SCV  
  42  4:57  Banshee  
  42  4:59  Factory Tech Lab  
  44  5:08  SCV  
  42  5:27  Marine x2  
  42  5:28  Siege Tank, SCV  
  44  5:34  Command Center  
  44  5:35  Barracks  
  45  5:36  Barracks  
  45  5:41  SCV  
  43  5:45  Banshee  
  46  5:55  Marine x2  
  48  5:59  SCV  
  48  6:02  Command Center  
  46  6:08  Siege Tank  
  49  6:12  SCV  
  49  6:13  Marine x2  
  52  6:24  SCV  
  53  6:26  Barracks Tech Lab  
  53  6:27  Barracks Tech Lab  
  53  6:38  Marine x2  
  55  6:53  Marine x2  
  57  6:56  Marine  
Tags
 
Add a new tag
Caveats
  • Supply blocks, unpowered buildings, or Contaminate may cause inaccurate times.
  • Supply counts are checked every 10 seconds.